 Dungeon Crawl Stone Soup version 0.22-a0-614-g34fbaa0 (webtiles) character file.

1883 robertstho the Chopper (level 9, 0/93 HPs)
             Began as an Ogre Berserker on July 20, 2018.
             Was an Elder of Trog.
             Hit by a stone thrown by an orc warrior (11 damage)
             ... on level 6 of the Dungeon.
             The game lasted 00:18:46 (6517 turns).

robertstho the Chopper (Ogre Berserker)             Turns: 6517, Time: 00:18:47

Health: 0/93       AC:  4    Str: 24    XL:     9   Next: 14%
Magic:  9/9        EV: 12    Int:  8    God:    Trog [****..]
Gold:   255        SH:  0    Dex: 10    Spells: 8/8 levels left

rFire    . . .     SeeInvis .   G - +0 shortbow
rCold    . . .     Gourm    .   (shield currently unavailable)
rNeg     . . .     Faith    .   b - +0 animal skin
rPois    .         Spirit   .   h - +1 hat
rElec    .         Reflect  .   (no cloak)
rCorr    .         Harm     .   (gloves unavailable)
MR       .....                  (boots unavailable)
Stlth    +++.......             (no amulet)
HPRegen  0.25/turn              i - ring of stealth
MPRegen  0.11/turn              (no ring)

@: no status effects
A: large, unfitting armour, tough skin 1
a: Berserk, Trog's Hand, Brothers in Arms, Renounce Religion


You were on level 6 of the Dungeon.
You worshipped Trog.
Trog was greatly pleased with you.
You were not hungry.

You visited 1 branch of the dungeon, and saw 6 of its levels.

You collected 255 gold pieces.

Inventory:

Hand Weapons
 a - a +1 hand axe
 y - a +0 giant club
 C - a +0 war axe
 E - a +0 whip of freezing
 F - a +0 hand axe of flaming
 G - a +0 shortbow (weapon)
Missiles
 d - 56 bolts
 k - 18 sling bullets
 H - 7 arrows (quivered)
Armour
 b - a +0 animal skin (worn)
 h - a +1 hat (worn)
Jewellery
 i - a ring of stealth (left hand)
 r - an uncursed ring of ice {unknown}
 x - an uncursed amulet of rage {unknown}
Wands
 p - a wand of iceblast (10)
Scrolls
 f - 12 scrolls of identify {unknown}
 l - a scroll of enchant weapon
 m - 2 scrolls of teleportation
 n - 4 scrolls of immolation
 s - a scroll of noise {unknown}
 u - 2 scrolls of remove curse {unknown}
 v - a scroll of amnesia {unknown}
Potions
 e - a potion of mutation {unknown}
 g - 2 potions of flight {unknown}
 j - 2 potions of curing
 o - a potion of lignification {unknown}
 t - a potion of degeneration {unknown}
 w - a potion of agility {unknown}
 z - a potion of resistance {unknown}
 A - a potion of ambrosia {unknown}
 B - a potion of berserk rage {unknown}
 D - a potion of invisibility {unknown}
Comestibles
 c - 10 rations
 q - 9 chunks of flesh


   Skills:
 + Level 7.5 Fighting
 + Level 7.9 Axes
 * Level 6.9 Dodging
 + Level 2.3 Stealth


You had 8 spell levels left.
You didn't know any spells.
Your spell library was empty.

Dungeon Overview and Level Annotations

Branches:
Dungeon (6/15)             Temple (0/1) D:5

Altars:
Cheibriados
Elyvilon
Fedhas
Hepliaklqana
Kikubaaqudgha
Nemelex Xobeh
Okawaru
Qazlal
Uskayaw
Wu Jian
Yredelemnul
Zin
The Shining One


Innate Abilities, Weirdness & Mutations

You are too large for most types of armour.
You have tough skin. (AC +1)


Message History

The orc wizard is heavily wounded.
Firing (i - inventory)
H - 8 arrows (quivered)
Press: ? - help, Shift-Dir - straight line, f/p - orc warrior
Aim: an orc warrior, wielding a short sword and wearing a chain mail (severely wounded)
You shoot an arrow. The arrow hits the orc wizard.
The orc wizard is severely wounded.
The orc wizard hits you but does no damage.
The orc warrior throws a stone.
The stone barely misses you.
The orc warrior throws a stone.
The stone hits you!
* * * LOW HITPOINT WARNING * * *
You see here an arrow.
The orc warrior throws a stone.
The stone closely misses you.
The orc wizard hits you but does no damage.
You see here 2 stones.
The orc wizard casts a spell at you. The puff of flame hits you!
* * * LOW HITPOINT WARNING * * *
You see here an arrow.
The orc warrior throws a stone.
The stone hits you!
You die...

##. #.# [#
#.###.### .##
#.......##...
##.......#.#
#.##.#....#
#.##.#..###
#....#....#..
#..###.##.#.##
#(@##.........
#..((o.###.###
#...#(.###.####.
##......##........
#.#...o...####(.#
#....(((((..(((..
#...............#
#...#####.###...#
#...#####.# ....


You could see an orc warrior and an orc wizard.

Vanquished Creatures
  Eustachio (D:4)
  Duvessa (D:4)
  3 ogres (D:4)
  A phantom (D:5)
  2 centaurs
  3 bullfrogs (D:6)
  A scorpion (D:2)
  Dowan (D:4)
  2 howler monkeys (D:5)
  2 crimson imps
  2 centaur zombies (D:6)
  3 hounds
  A bullfrog skeleton (D:6)
  3 orc priests
  3 orc wizards
  4 worker ants
  A worker ant zombie (D:5)
  3 gnolls (D:4)
  5 adders
  2 oozes
  3 worms
  2 dart slugs (D:1)
  6 leopard geckos
  30 orcs
  A ball python (D:1)
  8 giant cockroaches
  10 goblins
  3 hobgoblins (D:1)
  15 jackals
  6 kobolds
  2 quokkas (D:5)
  8 bats
  6 frilled lizards
  2 gnoll zombies (D:2)
  A leopard gecko skeleton (D:4)
  4 rats
151 creatures vanquished.

Vanquished Creatures (others)
  A bullfrog zombie (D:5)
1 creature vanquished.

Grand Total: 152 creatures vanquished

Notes
Turn   | Place    | Note
-------+----------+-------------------------------------------
     0 | D:1      | robertstho the Ogre Berserker began the quest for the Orb.
     0 | D:1      | Reached XP level 1. HP: 24/24 MP: 1/1
    53 | D:1      | Reached XP level 2. HP: 21/32 MP: 2/2
   435 | D:1      | Reached XP level 3. HP: 38/40 MP: 3/3
   827 | D:1      | Reached ** piety under Trog
  1175 | D:2      | Found a white marble altar of Elyvilon.
  1185 | D:2      | Found a glowing silver altar of Zin.
  1187 | D:2      | Found a glowing golden altar of the Shining One.
  1430 | D:2      | Noticed a scorpion
  1436 | D:2      | Killed a scorpion
  1436 | D:2      | Reached XP level 4. HP: 28/49 MP: 4/4
  1507 | D:2      | Reached skill level 1 in Stealth
  1512 | D:2      | Found a basalt altar of Yredelemnul.
  1632 | D:2      | Found a stormy altar of Qazlal.
  1637 | D:2      | Found a snail-covered altar of Cheibriados.
  1638 | D:2      | Found an ancient bone altar of Kikubaaqudgha.
  1638 | D:2      | Found a sparkling altar of Nemelex Xobeh.
  1638 | D:2      | Found a blossoming altar of Fedhas.
  1639 | D:2      | Found an ornate altar of the Wu Jian Council.
  1641 | D:2      | Found an iron altar of Okawaru.
  1642 | D:2      | Found a hazy altar of Hepliaklqana.
  1645 | D:2      | Reached XP level 5. HP: 55/55 MP: 5/5
  2196 | D:3      | Reached XP level 6. HP: 42/65 MP: 6/6
  2576 | D:3      | Reached *** piety under Trog
  2625 | D:4      | Noticed Eustachio
  2660 | D:4      | Killed Eustachio
  2660 | D:4      | Reached skill level 5 in Fighting
  2675 | D:4      | Reached skill level 5 in Axes
  2891 | D:4      | Reached XP level 7. HP: 38/72 MP: 7/7
  3028 | D:4      | Reached skill level 5 in Dodging
  3548 | D:4      | Noticed Duvessa
  3548 | D:4      | Noticed Dowan
  3563 | D:4      | Killed Dowan
  3576 | D:4      | HP: 4/111 [Duvessa/short sword (4)]
  3577 | D:4      | Killed Duvessa
  3914 | D:4      | Reached XP level 8. HP: 69/83 MP: 8/8
  4357 | D:5      | Entered Level 5 of the Dungeon
  4376 | D:5      | Reached **** piety under Trog
  4732 | D:5      | Found a staircase to the Ecumenical Temple.
  5297 | D:5      | Found a hide-covered altar of Uskayaw.
  6336 | D:6      | Reached XP level 9. HP: 22/93 MP: 9/9
  6517 | D:6      | Hit by a stone thrown by an orc warrior

Vault maps used:
D:1:      lightli_arrival_lavapool
D:2:      good_gods_temple_1, minitemple, lemuel_zombie_altar_yredelemnul,
          first_ration
D:4:      uniq_duvessa, uniq_eustachio
D:5:      lemuel_ice_spiral_2, eat_drink_and_be_merry_uskayaw, temple_doors_ab
D:6:      gammafunk_ghost_arena

Skill      XL: |  1  2  3  4  5  6  7  8 |
---------------+-------------------------+-----
Dodging        | 3 4 5 6 |  6.9
Axes           | 4 5 6 7 |  7.9
Stealth        | 1 2 |  2.3
Fighting       | 5 6 7 |  7.5

Action                   |  1- 3 |  4- 6 |  7- 9 || total
-------------------------+-------+-------+-------++-------
Melee: Hand axe          |   112 |   162 |   331 ||   605
 Fire: Shortbow          |       |       |    15 ||    15
Invok: Berserk           |       |     4 |     8 ||    12
       Trog's Hand       |       |     1 |       ||     1
  Use: Scroll            |       |       |     4 ||     4
       Potion            |       |       |     1 ||     1
 Stab: Sleeping          |     8 |     2 |     2 ||    12
  Eat: Chunk             |     2 |     8 |    17 ||    27
       Ration            |       |       |     1 ||     1
Armor: Animal skin       |    44 |    98 |    58 ||   200
Dodge: Dodged            |    59 |   122 |   195 ||   376

Table legend:
 A = Spawn XP
 B = Non-spawn XP
 C = Spawn XP percentage of total XP
 D = Spawn monster count
 E = Non-spawn monster count
 F = Spawn count percentage of total count
 G = Total turns spent on level
                    A         B        C        D         E        F      G
               +---------+---------+-------+---------+---------+-------+---------
         Total |       0 |    2690 |   0.0 |       0 |     151 |   0.0 |  6517
               +---------+---------+-------+---------+---------+-------+---------
           D:1 |       0 |      64 |   0.0 |       0 |      30 |   0.0 |  1107
           D:2 |       0 |     101 |   0.0 |       0 |      12 |   0.0 |   693
           D:3 |       0 |     178 |   0.0 |       0 |      33 |   0.0 |   825
           D:4 |       0 |     971 |   0.0 |       0 |      29 |   0.0 |  2015
           D:5 |       0 |     727 |   0.0 |       0 |      32 |   0.0 |  1491
           D:6 |       0 |     649 |   0.0 |       0 |      15 |   0.0 |   386
               +---------+---------+-------+---------+---------+-------+---------
